 Dungeon Crawl Stone Soup version 0.29-a0-1043-g569b05d6ff (webtiles) character file.

Game seed: 2889492891980702749

530 Snarg the Sneak (level 7, -4/33 HPs)
             Began as a Spriggan Conjurer on Aug 15, 2022.
             Killed from afar by an orc wizard (15 damage)
             ... with a puff of flame
             ... on level 4 of the Dungeon on Aug 16, 2022.
             The game lasted 00:26:13 (7091 turns).

Snarg the Sneak (Spriggan Conjurer)                 Turns: 7091, Time: 00:26:15

Health: -4/33      AC:  2    Str:  3    XL:     7   Next: 3%
Magic:  2/12       EV: 17    Int: 22    God:
Gold:   331        SH:  0    Dex: 13    Spells: 4/12 levels left

rFire   . . .      SeeInvis +   a - +2 dagger (speed)
rCold   . . .      Faith    .   (no shield)
rNeg    . . .      Spirit   .   d - +0 robe
rPois   .          Reflect  .   (helmet restricted)
rElec   .          Harm     .   (no cloak)
rCorr   .          Rampage  .   (gloves unavailable)
Will    +....                   (boots unavailable)
Stlth   +++.......              (no amulet)
HPRegen 0.11/turn               (no ring)
MPRegen 0.13/turn               (no ring)

@: very slightly contaminated, very quick
A: very small, no large weapons, unfitting armour, see invisible, speed 3
a: no special abilities


You were on level 4 of the Dungeon.
You visited 1 branch of the dungeon, and saw 4 of its levels.
You also visited: Sewer.

You collected 331 gold pieces.

Inventory:

Hand Weapons
 a - a +2 dagger of speed (weapon)
 b - the +10 falchion "Luyfeach" {vorpal, rF+ Dex+4}
   (You found it on level 2 of the Dungeon)

   It inflicts extra damage upon your enemies.
   Dex:       It affects your dexterity (+4).
   rF:        It protects you from fire.
Missiles
 f - 35 stones
Armour
 d - a +0 robe (worn)
Jewellery
 j - a ring of protection from cold
Wands
 c - a wand of polymorph (11)
 k - a wand of charming (11)
Scrolls
 m - a scroll of vulnerability {unknown}
 n - a scroll of poison {unknown}
 o - a scroll of noise
 p - a scroll of brand weapon {unknown}
 s - 2 scrolls of acquirement {unknown}
 t - 2 scrolls of teleportation
 v - 2 scrolls of magic mapping {unknown}
Potions
 e - a potion of lignification
 g - a potion of curing
 h - 2 potions of brilliance
 i - 3 potions of magic
 l - a potion of mutation {unknown}
 q - a potion of might {unknown}
 r - a potion of experience {unknown}
 u - a potion of flight {unknown}
 w - a potion of haste {unknown}


   Skills:
 - Level 1.0 Fighting
 + Level 3.8 Short Blades
 + Level 3.4 Dodging
 - Level 5.0 Stealth
 - Level 3.0 Spellcasting
 + Level 4.2 Conjurations
 * Level 3.2 Hexes
 - Level 1.0 Ice Magic


You had 4 spell levels left.
You knew the following spells:

 Your Spells              Type           Power      Damage    Failure   Level
a - Magic Dart            Conj           88%        1d7       2%          1
b - Searing Ray           Conj           44%        2d6       3%          2
c - Dazzling Flash        Conj/Hex       38%        N/A       8%          3
d - Ensorcelled Hibernat  Hex/Ice        24%        N/A       8%          2

Your spell library contained the following spells:

 Spells                   Type           Power      Damage    Failure   Level
 Apportation              Tloc           6%         N/A       12%         1
 Necrotise                Necr           12%        1d4       12%         1
 Sting                    Tmut/Pois      12%        1d3       12%         1
 Summon Small Mammal      Summ           12%        N/A       12%         1
 Passwall                 Tmut/Erth      2%         N/A       19%         2
 Poisonous Vapours        Pois/Air       6%         N/A       19%         2
 Fulminant Prism          Conj/Hex       9%         3d7       26%         4
 Ignite Poison            Fire/Tmut/Pois 3%         N/A       36%         3
 Swiftness                Air            3%         N/A       36%         3
 Iskenderun's Mystic Bla  Conj/Tloc      12%        2d5       45%         4
 Eringya's Noxious Bog    Tmut/Pois      1%         N/A       100%        6


Dungeon Overview and Level Annotations

Branches:
Dungeon (4/15)              Sewer (visited)
 Temple: D:4-7

Altars:

Shops:
D:4 =

Annotations:
D:1 clr
D:2 clr
D:3 clr, Grinder


Innate Abilities, Weirdness & Mutations

You are very small and have problems with some larger weapons.
You are too small for most types of armour.
You have supernaturally acute eyesight. (SInv)
You cover ground extremely quickly. (Speed+++)


Message History

An orc wizard comes into view. It is wielding a +0 dagger.
The orc priest invokes the aid of Beogh against you.
Beogh smites you!
The searing ray hits the orc priest!
The orc priest is severely wounded.
The searing ray hits the orc wizard.
The orc wizard is lightly wounded.
The orc wizard shouts!
Unknown command.
The searing ray hits the orc wizard!
The orc wizard is severely wounded.
The searing ray hits the orc priest.
The orc priest is severely wounded.
The orc priest invokes the aid of Beogh against you.
Beogh smites you!
Unknown command.
The searing ray hits the orc wizard.
You kill the orc wizard!
The searing ray hits the orc priest.
You kill the orc priest!
You finish channelling your searing ray.
Training target 1.0 for Ice Magic reached!
Your Ice Magic skill increases to level 1!
You have reached level 7!
Casting: Searing Ray (safe; 3% risk of failure)
Confirm with . or Enter, or press ? or * to list all spells.
The spell is quite dangerous to miscast (8% risk of failure)!
Continue anyway?
Okay, then.
Unknown command.
Unknown command.
Unknown command.
Casting: Dazzling Flash (quite dangerous; 8% risk of failure)
Confirm with . or Enter, or press ? or * to list all spells.
Aiming: Ensorcelled Hibernation (safe; 8% risk of failure)
Press: ? - help, Shift-Dir - straight line, f - orc wizard
Aim: an orc wizard, wielding a +0 dagger and wearing a +0 robe (chance to affect: 46%)
The orc wizard resists with some effort.
The orc wizard casts a spell at you. The puff of flame hits you!
You die...

#.# #.# #. #.# ##'## #.
#.# ##...## #. #.#
##.....## #. #.##
##.......# ## #.
...####......#######...##
#######
......'.....#...#o.......
.......
...####....#....)#.....##
####### #.##
##...#..∩.@###.o## ## ###
##..#.....# o# #. ###
##..#...#.# # #. ..#
##..####.# #. ..# #.## .#
#. ..#########.# .# ###.
..........#.## ..
########~..
..#######....## ##
##~~~~~~~~~~
#.#...>.......#
#~~≈≈≈≈≈≈~~#


You could see an orc wizard.

Vanquished Creatures
  A scorpion (D:4)
  A hound (D:3)
  4 orc priests
  An iguana (D:4)
  2 orc wizards
  A hell rat (Sewer)
  4 adders
  A river rat (Sewer)
  A white imp (D:4)
  4 worms
  7 dart slugs
  10 orcs
  5 bats
  11 endoplasms
  8 giant cockroaches
  11 goblins
  5 hobgoblins
  7 jackals
  8 kobolds
  11 quokkas
  10 ball pythons
  4 frilled lizards
  19 rats
136 creatures vanquished.

Notes
Turn   | Place    | Note
-------+----------+-------------------------------------------
     0 | D:1      | Snarg the Spriggan Conjurer began the quest for the Orb.
     0 | D:1      | Reached XP level 1. HP: 9/9 MP: 5/5
   384 | D:1      | Reached XP level 2. HP: 14/14 MP: 3/6
  1054 | D:1      | Reached XP level 3. HP: 17/17 MP: 4/8
  1296 | D:1      | Reached skill level 1 in Fighting
  1951 | D:2      | Reached skill level 1 in Short Blades
  2001 | D:2      | Identified the +10 falchion "Luyfeach" {vorpal, rF+ Dex+4}
  2326 | D:2      | Reached XP level 4. HP: 16/22 MP: 4/9
  2339 | D:2      | Learned a level 2 spell: Searing Ray
  2343 | D:2      | Learned a level 3 spell: Dazzling Flash
  3560 | D:3      | Got the Exposition on the Snake
  3644 | D:3      | Noticed Grinder
  3770 | D:3      | Found a faded altar of an unknown god.
  3938 | D:3      | Reached skill level 4 in Stealth
  4468 | D:3      | Reached XP level 5. HP: 25/25 MP: 5/10
  4748 | D:3      | Reached skill level 1 in Hexes
  5439 | D:4      | Reached skill level 5 in Stealth
  5439 | D:4      | Reached XP level 6. HP: 19/30 MP: 5/11
  5705 | D:4      | Learned a level 2 spell: Ensorcelled Hibernation
  5789 | D:4      | Found a glowing drain.
  5819 | Sewer    | Entered a sewer
  7062 | D:4      | Found Cucuvvesikk's One-of-a-Kind Rings.
  7091 | D:4      | Reached skill level 1 in Ice Magic
  7091 | D:4      | Reached XP level 7. HP: 11/33 MP: 4/12
  7091 | D:4      | Killed from afar by an orc wizard

Illustrated notes

Levels and vault maps discovered:
D:1:      minmay_arrival_three_doors, layout_basic, serial_corexii_hall,
          chequers_hall_statues_y, corexii_hall_statues_s
D:2:      layout_basic, st_stairs_1, minmay_puff
D:3:      wander_river, layout_loops_corners,
          ebering_ecumenical_altar_sacrificial, kennysheep_orc_chapel,
          uniq_grinder
D:4:      layout_loops_corners, gup_sewer_entry_pipe, grunt_ministairs_11,
          nicolae_shop_unique_rings

Skill      XL: |  1  2  3  4  5  6 |
---------------+-------------------+-----
Conjurations   | 3 4 |  4.2
Fighting       | 1 |  1.0
Short Blades   | 1 2 3 |  3.8
Spellcasting   | 3 |  3.0
Dodging        | 3 |  3.4
Stealth        | 4 5 |  5.0
Hexes          | 1 3 |  3.2
Ice Magic      | 1 |  1.0

Action                   |  1- 3 |  4- 6 |  7- 9 || total
-------------------------+-------+-------+-------++-------
Melee: Dagger            |    33 |   117 |       ||   150
       Punch             |       |     1 |       ||     1
Throw: Stone             |       |     3 |       ||     3
 Cast: Magic Dart        |    84 |    60 |       ||   144
       Searing Ray       |       |    29 |       ||    29
       Ensorcelled Hiber |       |     3 |     1 ||     4
Evoke: Wand              |       |     1 |       ||     1
  Use: Scroll            |       |    10 |       ||    10
       Potion            |       |     4 |       ||     4
 Stab: Sleeping          |     8 |    11 |       ||    19
Armor: Robe              |     7 |     6 |       ||    13
       Skin              |       |     5 |       ||     5
Dodge: Dodged            |    36 |    55 |       ||    91

Table legend: (Time is in decaauts)
 A = Elapsed time spent in this place.
 B = Non-inter-level travel time spent in this place.
 C = Inter-level travel time spent in this place.
 D = Time resting spent in this place.
 E = Time spent auto-exploring this place.
 F = Levels seen in this place.
 G = Mean time per level.
                   A        B        C        D        E       F      G
               +--------+--------+--------+--------+--------+-----+--------+
         Total |   5518 |   5327 |    191 |   1213 |   3055 |   5 | 1103.6 |
       Dungeon |   5027 |   4836 |    191 |    873 |   3044 |   4 | 1256.8 |
         Sewer |    490 |    490 |      0 |    340 |     11 |   1 |  490.0 |
               +--------+--------+--------+--------+--------+-----+--------+

Top non-repeatable levels by time:
     D:3: 1583 daAuts
     D:1: 1504 daAuts
     D:2: 1125 daAuts
     D:4: 814 daAuts
   Sewer: 490 daAuts
